 Dungeon Crawl Stone Soup version 0.30-a0-373-gd37427bb62 (webtiles) character file.

Game seed: 5318047979686120714

5977 themarg the Destroyer (level 10, -1/81 HPs)
             Began as a Pale Draconian Conjurer on Nov 24, 2022.
             Was a Believer of Vehumet.
             Slain by a death yak (25 damage)
             ... on level 8 of the Dungeon.
             The game lasted 00:43:14 (10296 turns).

themarg the Destroyer (Pale Draconian Conjurer)    Turns: 10296, Time: 00:43:14

Health: -1/81      AC: 10    Str: 21    XL:     10   Next: 55%
Magic:  6/20       EV: 13    Int: 24    God:    Vehumet [**....]
Gold:   420        SH:  0    Dex: 11    Spells: 5/23 levels left

rFire   . . .      SeeInvis .    u - +8 dagger of Vudel {pain, rN++ Int+2}
rCold   . . .      Faith    .    (no shield)
rNeg    + + .      Spirit   .    (body armour unavailable)
rPois   .          Reflect  .    (helmet restricted)
rElec   .          Harm     .    b - scarf {shadows}
rCorr   .          Rampage  .    M - +1 pair of gloves
Will    .....                    t - +0 pair of boots
Stlth   ++........               L - amulet of regeneration
HPRegen 1.13/turn                e - +6 ring of strength
MPRegen 0.17/turn                I - +6 ring of strength

@: no status effects
A: breathe steam, AC +7, unfitting armour, cold-blooded, steam resistance
a: Breathe Steam, Renounce Religion


You were on level 8 of the Dungeon.
You worshipped Vehumet.
Vehumet was pleased with you.
You visited 2 branches of the dungeon, and saw 10 of its levels.

You collected 420 gold pieces.

Inventory:

Hand Weapons
 u - the +8 dagger of Vudel (weapon) {pain, rN++ Int+2}
   (You found it on level 3 of the Dungeon)

   In the hands of one skilled in necromantic magic, it inflicts extra damage on
   living creatures.
   Int:       It affects your intelligence (+2).
   rN:        It greatly protects you from negative energy.
 D - the +5 lajatang of Floods {vorpal, Int+4}
   (You found it on level 5 of the Dungeon)

   It inflicts extra damage upon your enemies.
   Int:       It affects your intelligence (+4).
Missiles
 c - 12 poisoned darts
 f - 87 stones
 i - 2 javelins
 p - 3 boomerangs of dispersal
 x - 2 throwing nets
 y - 3 atropa-tipped darts (quivered)
Armour
 b - a scarf of shadows (worn)
 t - a +0 pair of boots (worn)
 M - a +1 pair of gloves (worn)
Jewellery
 e - a +6 ring of strength (left hand)
 B - an amulet of faith
 I - a +6 ring of strength (right hand)
 L - an amulet of regeneration (around neck)
Wands
 G - a wand of polymorph (9)
 O - a wand of charming (6)
 P - a wand of digging (1)
Scrolls
 h - 4 scrolls of immolation
 k - 3 scrolls of fog
 m - a scroll of fear
 q - 2 scrolls of enchant weapon {unknown}
 v - 2 scrolls of noise {unknown}
 A - a scroll of poison {unknown}
 C - a scroll of silence {unknown}
 E - a scroll of vulnerability {unknown}
 H - 2 scrolls of enchant armour {unknown}
 N - 2 scrolls of brand weapon {unknown}
Potions
 a - 4 potions of heal wounds
 d - a potion of brilliance
 g - 3 potions of might
 l - 3 potions of mutation
 n - 3 potions of haste
 o - a potion of ambrosia {unknown}
 r - 2 potions of berserk rage
 s - a potion of lignification {unknown}
 w - a potion of magic
 z - 2 potions of cancellation {unknown}
 F - a potion of degeneration {unknown}
 J - 2 potions of flight {unknown}
 K - a potion of curing


   Skills:
 - Level 5.0 Fighting
 - Level 5.0 Dodging
 - Level 3.0 Stealth
 - Level 7.0 Spellcasting
 - Level 10.0 Conjurations
 - Level 3.0 Hexes
 - Level 3.0 Translocations
 + Level 4.2 Transmutations
 - Level 5.0 Fire Magic


You had 5 spell levels left.
You knew the following spells:

 Your Spells              Type           Power      Damage    Failure   Level
a - Magic Dart            Conj           100%       1d8       1%          1
b - Searing Ray           Conj           100%       2d8       1%          2
c - Fulminant Prism       Conj/Hex       19%        3d10      4%          4
d - Iskenderun's Mystic   Conj/Tloc      39%        2d9       4%          4
e - Scorch                Fire           64%        2d8       1%          2
f - Fireball              Conj/Fire      22%        3d10      9%          5

Your spell library contained the following spells:

 Spells                   Type           Power      Damage    Failure   Level
 Foxfire                  Conj/Fire      100%       2x1d9     1%          1
 Dazzling Flash           Conj/Hex       78%        N/A       1%          3
 Ensorcelled Hibernation  Hex/Ice        30%        N/A       6%          2
 Spider Form              Tmut/Pois      18%        N/A       9%          3
 Irradiate                Conj/Tmut      21%        3d18      11%         5
 Blade Hands              Tmut           14%        N/A       34%         5
 Anguish                  Hex/Necr       7%         N/A       36%         4
 Starburst                Conj/Fire      22%        6d7       45%         6
 Dragon Form              Tmut           14%        N/A       100%        7


Dungeon Overview and Level Annotations

Branches:
Dungeon (9/15)             Temple (1/1) D:4
   Lair: D:8-11         Orc: D:9-12

Altars:
Ashenzari
Cheibriados
Elyvilon
Fedhas
Gozag
Hepliaklqana
Kikubaaqudgha
Makhleb
Nemelex Xobeh
Okawaru
Qazlal
Ru
Sif Muna
Trog
Uskayaw
Vehumet
Yredelemnul
Zin

Portals:
Abyss: D:5

Annotations:
D:3 3 runed translucent doors, petzl's ghost, weakling FoDe
D:5 2 transporters, liarliar's ghost, novice DsTm
D:7 exclusion: downstairs
D:8 Amaemon


Innate Abilities, Weirdness & Mutations

You can breathe blasts of scalding, opaque steam.
Your pale cyan-grey scales are hard. (AC +7)
You cannot fit into any form of body armour.
You are cold-blooded and may be slowed by cold attacks.
You are immune to the effects of steam.


Message History

You feel sick. The death yak gores you!
You climb upwards.
Level annotation: Amaemon You feel sick.
There is a stone staircase leading down here.
Aiming: Charm
Press: ? - help, Shift-Dir - straight line, f - death yak
Aim: a death yak (chance to affect: 1%)
Okay, then.
Okay, then.
You feel much better.
You feel sick. The death yak gores you!! Magic courses through your body.
You feel sick.
You are no longer poisoned.
The death yak gores you!
* * * LOW HITPOINT WARNING * * *
Casting: Iskenderun's Mystic Blast (dangerous; 4% risk of failure)
Confirm with . or Enter, or press ? or * to list all spells.
You erupt in a blast of force!
The mystic blast hits the death yak!
The death yak is lightly wounded.
The death yak is knocked back by the mystic blast.
Casting: Iskenderun's Mystic Blast (dangerous; 4% risk of failure)
Confirm with . or Enter, or press ? or * to list all spells.
You erupt in a blast of force!
The mystic blast hits the death yak!
The death yak is moderately wounded.
The death yak is knocked back by the mystic blast.
Casting: Iskenderun's Mystic Blast (dangerous; 4% risk of failure)
Confirm with . or Enter, or press ? or * to list all spells.
Aiming: Searing Ray (safe; 1% risk of failure)
Press: ? - help, Shift-Dir - straight line, f - death yak
Aim: a death yak (moderately wounded, 94% to hit)
The searing ray hits the death yak.
The death yak is moderately wounded. (Press . to maintain the ray.)
The searing ray misses the death yak.
Casting: Searing Ray (safe; 1% risk of failure)
Confirm with . or Enter, or press ? or * to list all spells.
You erupt in a blast of force!
The mystic blast hits the death yak.
The death yak is moderately wounded.
The death yak gores you!!
You die...

..#..#.......#..#............####
..#..+.......#..#............#...
..+..#.......'..#............#...
..#..#.......#..#............'...
..####.......##'#............##'#
#.....########.....##########....
#.....# #.....# #.... #.....#
#..Y..# #.... #.....# #..@..#
#.... #.....# #.....# #....
#.....# #.....# #.... #.....#
#.....# #.... ####### #######
#####


You could see a death yak.

Vanquished Creatures
  Erica (D:8)
  Pikel (D:4)
  An orange demon (D:8)
  Psyche (D:8)
  A wyvern (D:7)
  5 yaks (D:8)
  Eustachio (D:4)
  A steam dragon (D:5)
  Menkaure (D:4)
  2 water moccasins
  An orc warrior (D:7)
  A sky beast (D:6)
  2 black bears (D:7)
  An ice beast (D:8)
  3 centaurs
  3 ogres
  2 phantoms
  A lemure (D:4)
  A kobold brigand (D:7)
  A gnoll sergeant (D:7)
  5 bullfrogs
  3 scorpions
  A necrophage (D:4)
  A howler monkey (D:5)
  4 jellies
  6 orc priests
  3 hounds
  A gnoll bouda (D:5)
  5 iguanas
  Natasha (thrice) (D:3)
  4 orc wizards
  20 gnolls
  4 adders
  4 white imps
  2 ufetubi
  5 worms
  2 dart slugs
  25 orcs
  A bat zombie (D:6)
  3 endoplasms
  6 giant cockroaches
  4 goblins
  A hobgoblin (D:1)
  4 jackals (D:4)
  4 quokkas
  6 ball pythons
  2 bats (D:1)
  3 frilled lizards (D:1)
  14 kobolds
  6 rats
183 creatures vanquished.

Vanquished Creatures (others)
  10 fulminant prisms
10 creatures vanquished.

Grand Total: 193 creatures vanquished

Notes
Turn   | Place    | Note
-------+----------+-------------------------------------------
     0 | D:1      | themarg the Draconian Conjurer began the quest for the Orb.
     0 | D:1      | Reached XP level 1. HP: 14/14 MP: 3/3
   151 | D:1      | Reached XP level 2. HP: 20/20 MP: 0/5
   845 | D:1      | Learned a level 2 spell: Searing Ray
  1008 | D:2      | Reached XP level 3. HP: 26/26 MP: 0/6
  1245 | D:2      | Reached XP level 4. HP: 33/33 MP: 4/8
  2127 | D:3      | Reached XP level 5. HP: 38/38 MP: 0/10
  2257 | D:3      | Reached skill level 5 in Conjurations
  2341 | D:3      | Found a runed translucent gate.
  2341 | D:3      | Found a runed translucent gate.
  2341 | D:3      | Found a runed translucent gate.
  2346 | D:3      | Noticed petzl's ghost (weakling FoDe)
  2354 | D:3      | Identified the +1 sling of Ileofub {drain, Fly Dex+2}
  2748 | D:3      | Noticed Natasha
  2754 | D:3      | Killed Natasha
  2800 | D:3      | Identified the +8 dagger of Vudel {pain, rN++ Int+2}
  2811 | D:3      | Noticed a moth of wrath
  2814 | D:3      | Found a bloodstained altar of Trog.
  3275 | D:3      | Noticed Natasha
  3284 | D:3      | Killed Natasha
  3391 | D:3      | Noticed Natasha
  3398 | D:3      | Killed Natasha
  3602 | D:4      | Reached XP level 6. HP: 45/45 MP: 5/12
  3994 | D:4      | Noticed Eustachio
  4042 | D:4      | Reached skill level 6 in Conjurations
  4099 | D:4      | Noticed Menkaure
  4106 | D:4      | Killed Menkaure
  4107 | D:4      | Your scales start taking on a pale cyan-grey colour.
  4107 | D:4      | Reached XP level 7. HP: 50/50 MP: 4/14
  4107 | D:4      | Gained mutation: You are immune to the effects of steam.
                  | [Pale Draconian growth]
  4121 | D:4      | Reached skill level 5 in Spellcasting
  4402 | D:4      | Noticed Pikel
  4409 | D:4      | Killed Pikel
  4410 | D:4      | Reached skill level 8 in Conjurations
  4410 | D:4      | Reached XP level 8. HP: 40/57 MP: 4/15
  4627 | D:4      | Found a hazy altar of Hepliaklqana.
  4627 | D:4      | Found a glowing silver altar of Zin.
  4659 | D:4      | Found a staircase to the Ecumenical Temple.
  4675 | Temple   | Entered the Ecumenical Temple
  4707 | Temple   | Became a worshipper of Vehumet
  4920 | D:4      | Killed Eustachio
  4921 | D:4      | Reached skill level 9 in Conjurations
  5032 | D:5      | Entered Level 5 of the Dungeon
  5081 | D:5      | Reached skill level 1 in Hexes
  5081 | D:5      | Reached skill level 1 in Translocations
  5188 | D:5      | Found a transporter.
  5194 | D:5      | Noticed liarliar's ghost (novice DsTm)
  5201 | D:5      | Found a one-way gate to the infinite horrors of the Abyss.
  5205 | D:5      | Found a transporter.
  5428 | D:5      | Identified the +5 lajatang of Floods {vorpal, Int+4}
  6083 | D:5      | Learned a level 4 spell: Fulminant Prism
  6088 | D:5      | Learned a level 4 spell: Iskenderun's Mystic Blast
  6252 | D:6      | Reached skill level 10 in Conjurations
  6252 | D:6      | Reached XP level 9. HP: 62/62 MP: 7/16
  6266 | D:5      | Reached skill level 1 in Fighting
  6541 | D:6      | Reached * piety under Vehumet
  6541 | D:6      | Offered knowledge of Freeze by Vehumet.
  6942 | D:6      | Found an opulent altar of Gozag.
  6958 | D:6      | Found an iron altar of Okawaru.
  7187 | D:6      | Found an ancient bone altar of Kikubaaqudgha.
  7721 | D:7      | Reached skill level 5 in Fighting
  7726 | D:7      | Offered knowledge of Scorch by Vehumet.
  7731 | D:7      | Reached ** piety under Vehumet
  7995 | D:7      | Reached skill level 1 in Fire Magic
  8581 | D:7      | Learned a level 2 spell: Scorch
  8595 | D:8      | Reached XP level 10. HP: 64/81 MP: 3/20
  8890 | D:8      | Noticed an orange demon
  8890 | D:8      | Noticed Amaemon
  9127 | D:8      | Found a blossoming altar of Fedhas.
  9152 | D:8      | Reached skill level 1 in Transmutations
  9360 | D:7      | Learned a level 5 spell: Fireball
  9687 | D:8      | Noticed Psyche
  9695 | D:8      | Killed Psyche
  9696 | D:8      | Reached skill level 5 in Fire Magic
  9752 | D:8      | Noticed Erica
  9760 | D:8      | Killed Erica
  9761 | D:8      | Reached skill level 5 in Dodging
 10181 | D:8      | Killed an orange demon
 10274 | D:9      | Noticed a green ugly thing
 10280 | D:9      | Noticed a death yak
 10280 | D:9      | Noticed a death yak
 10280 | D:9      | Noticed a death yak
 10280 | D:9      | Noticed a death yak
 10280 | D:9      | Noticed a death yak
 10280 | D:9      | Noticed a death yak
 10282 | D:9      | Noticed a death yak
 10285 | D:9      | Noticed a death yak
 10296 | D:8      | Slain by a death yak

Illustrated notes

Levels and vault maps discovered:
D:1:      minmay_arrival_wavy_path, layout_rooms, due_unseen_surprise
D:2:      layout_basic, minmay_strange_pillars
D:3:      layout_basic, tgw_trog, biasface_ghost_orc_armoury, uniq_natasha
D:4:      layout_basic, chequers_temple_overflow_statue_of_worship,
          minmay_temple_entry_offerings, uniq_pikel, uniq_eustachio,
          uniq_menkaure
D:5:      layout_basic, gammafunk_ghost_abyssal_escape, minmay_misc_feat_five,
          minivault_23
D:6:      layout_rooms, mainiacjoe_overflow_paths,
          nicolae_gozag_cash_rules_everything_around_me,
          lemuel_zombie_altar_kikubaaqudgha
D:7:      layout_rooms
D:8:      layout_gridville, nicolae_overflow_crystal_walls, uniq_erica,
          uniq_amaemon, uniq_psyche
D:9:      layout_stronghold, gammafunk_temple_overflow_forgotten,
          xom_redecorated, dpeg_lair_monsters, enter_bailey_7
Temple:   chequers_temple_sunken

Skill      XL: |  1  2  3  4  5  6  7  8  9 10 |
---------------+-------------------------------+-----
Stealth        | 2 3 |  3.0
Spellcasting   | 3 4 5 7 |  7.0
Conjurations   | 5 6 8 10 | 10.0
Hexes          | 3 |  3.0
Translocations | 3 |  3.0
Fighting       | 5 |  5.0
Dodging        | 3 5 |  5.0
Fire Magic     | 3 5 |  5.0
Transmutations | 4 |  4.2

Action                   |  1- 3 |  4- 6 |  7- 9 | 10-12 || total
-------------------------+-------+-------+-------+-------++-------
Melee: Dagger            |    15 |     2 |    14 |     5 ||    36
       Tailslap          |     1 |     1 |     3 |     1 ||     6
Throw: Dart              |       |       |       |     1 ||     1
 Cast: Magic Dart        |    39 |    24 |     9 |     3 ||    75
       Searing Ray       |     7 |    34 |    86 |    11 ||   138
       Fulminant Prism   |       |       |     4 |     6 ||    10
       Iskenderun's Myst |       |       |    11 |    14 ||    25
       Fireball          |       |       |       |     6 ||     6
 Abil: Breathe Steam     |       |       |     1 |       ||     1
  Use: Potion            |     1 |       |       |     3 ||     4
       Scroll            |       |     5 |     4 |     2 ||    11
Armor: Skin              |     1 |     3 |    33 |     8 ||    45
Dodge: Dodged            |    10 |     7 |    61 |    23 ||   101

Table legend: (Time is in decaauts)
 A = Elapsed time spent in this place.
 B = Non-inter-level travel time spent in this place.
 C = Inter-level travel time spent in this place.
 D = Time resting spent in this place.
 E = Time spent auto-exploring this place.
 F = Levels seen in this place.
 G = Mean time per level.
                   A        B        C        D        E       F      G
               +--------+--------+--------+--------+--------+-----+--------+
         Total |  10296 |   9937 |    359 |   2531 |   5943 |  10 | 1029.6 |
       Dungeon |  10239 |   9898 |    341 |   2531 |   5943 |   9 | 1137.7 |
        Temple |     56 |     39 |     17 |      0 |      0 |   1 |   56.0 |
               +--------+--------+--------+--------+--------+-----+--------+

Top non-repeatable levels by time:
     D:7: 1830 daAuts
     D:3: 1609 daAuts
     D:5: 1496 daAuts
     D:4: 1440 daAuts
     D:2: 1188 daAuts
     D:8: 1094 daAuts
     D:6: 812 daAuts
     D:1: 735 daAuts
  Temple: 56 daAuts
     D:9: 32 daAuts
